 Dungeon Crawl Stone Soup version 0.27.1-34-g3ba077fa99 (webtiles) character file.

Game seed: 5643969685364778805

1 cbfl8 the Sneak (level 1, -1/19 HPs)
             Began as a Minotaur Delver on Jan 20, 2022.
             Killed from afar by a white imp (9 damage)
             ... with a puff of frost
             ... on level 6 of the Dungeon.
             The game lasted 00:01:34 (215 turns).

cbfl8 the Sneak (Minotaur Delver)                    Turns: 215, Time: 00:01:35

Health: -1/19      AC:  3    Str: 16    XL:     1   Next: 16%
Magic:  0/0        EV: 11    Int:  7    God:
Gold:   18         SH:  0    Dex: 11    Spells: 0/0 levels left

rFire    . . .     SeeInvis .   a - +0 hand axe
rCold    . . .     Faith    .   (no shield)
rNeg     . . .     Spirit   .   b - +0 leather armour
rPois    .         Reflect  .   (helmet restricted)
rElec    .         Harm     .   (no cloak)
rCorr    .         Rampage  .   (no gloves)
Will     .....                  (no boots)
Stlth    ++........             (no amulet)
HPRegen  0.06/turn              (no ring)
MPRegen  0.07/turn              (no ring)

@: no status effects
A: horns 2, retaliatory headbutt
a: no special abilities


You were on level 6 of the Dungeon.
You visited 1 branch of the dungeon, and saw 2 of its levels.

You collected 18 gold pieces.

Inventory:

Hand Weapons
 a - a +0 hand axe (weapon)
Armour
 b - a +0 leather armour (worn)
Wands
 g - a wand of digging (3)


   Skills:
 + Level 3.6 Fighting
 + Level 2.4 Axes
 + Level 2.1 Dodging
 + Level 4.1 Stealth


You couldn't memorise any spells.
You didn't know any spells.
Your spell library was empty.

Dungeon Overview and Level Annotations

Branches:
Dungeon (6/15)
 Temple: D:4-7

Altars:
Uskayaw
Vehumet

Annotations:
D:6 1 runed translucent door


Innate Abilities, Weirdness & Mutations

You have a pair of horns on your head.
You reflexively headbutt those who attack you in melee.


Message History

There is a stone staircase leading down here.
You climb downwards.
Found four items.
There is a stone staircase leading up here.
You see here a +0 robe.
Your extra speed is starting to run out.
You feel yourself slow down.
As you read the scroll of magic mapping, it crumbles to dust.
You feel aware of your surroundings.
You sensed 2 altars, and 1 shop/portal.
Found an escape hatch in the ceiling.
Found a stone staircase leading down.
A white imp comes into view.
Found a leather armour.
Found a runed translucent door.
You see here a +0 leather armour.
You see here a +0 leather armour.
The white imp shouts!
The white imp gestures at you. The puff of frost hits you!
Ouch! That really hurt!
The white imp lashes its tail.
Found 4 gold pieces.
You open the door.
Found a hide-covered altar of Uskayaw.
There is an open door here.
You close the door.
You start resting.
A white imp opens the door.
A white imp is nearby!
A white imp is nearby!
An iguana comes into view.
There are monsters nearby!
You closely miss the white imp. You headbutt the white imp.
The white imp is moderately wounded.
The white imp barely misses you.
You closely miss the white imp.
The white imp is moderately wounded.
The white imp gestures at you. The puff of frost hits you!
You die...

#..# #.# *,* #..# #.# *,**
#..# #5# *,,* #.5# #.###
**,** #..# #...#########**,,*
**#..# ##...........,,*,*
**,*,,* #...#########,,,,*
**,*,,,* #5###..##(..#*,,,*
**,***,,####.#.5@##(#(#.*,,,*
,,** **,#....'._.#(((#..*,,,*
**,***,,#.##.#...##(#.#.*,,**
***,*,*,#,*#.###..##(..#*,,*
,,,,,,,,*,*#..,#########,,,*
,,>,****,*,##$,,,,,l....,,**
*,*,***,***,*##****#####***
,,,,,,,** **,* *,*,***,***,**


You could see an iguana, 8 dancing weapons and a white imp.

Vanquished Creatures
  A quokka (D:5)
1 creature vanquished.

Notes
Turn   | Place    | Note
-------+----------+-------------------------------------------
     0 | D:5      | cbfl8 the Minotaur Delver began the quest for the Orb.
     0 | D:5      | Reached XP level 1. HP: 19/19 MP: 0/0
    20 | D:5      | Noticed a scorpion
    32 | D:5      | Noticed a hound
   122 | D:6      | Noticed a jelly
   167 | D:6      | Found a runed translucent door.
   168 | D:6      | Noticed a bullfrog
   204 | D:6      | Found a hide-covered altar of Uskayaw.
   204 | D:6      | Noticed a +0 spear
   204 | D:6      | Noticed a +0 short sword
   204 | D:6      | Noticed a +0 short sword
   204 | D:6      | Noticed a +0 falchion
   205 | D:6      | Noticed a +0 spear
   206 | D:6      | Noticed a +0 dagger
   206 | D:6      | Noticed a +0 dagger
   207 | D:6      | Noticed a +0 falchion
   211 | D:6      | Noticed an iguana
   215 | D:6      | Killed from afar by a white imp

Illustrated notes

Levels and vault maps discovered:
D:5:      layout_basic, mainiacjoe_overflow_catwalk, due_unseen_surprise,
          uniq_duvessa, uniq_menkaure, uniq_pikel
D:6:      layout_loops_ring, led_sif_pool, nicolae_uskayaw_en_pointe,
          ebering_ghost_sewer_d, serial_shops, shop_statue, uniq_prince_ribbit1,
          uniq_sigmund

Action                   || total
-------------------------++-------
Melee: Hand axe          ||     7
       Headbutt          ||     1
  Use: Scroll            ||     3
       Potion            ||     1
Dodge: Dodged            ||     6
